 Dungeon Crawl Stone Soup version 0.28.0-45-g0d030f2227 (webtiles) character file.

Game seed: 6500580405066151369

22237 101zpm the Thaumaturge (level 13, -2/76 HPs)
             Began as a Djinni Ice Elementalist on Apr 11, 2022.
             Was a Priest of the Shining One.
             Incinerated by a smoke demon (3 damage)
             ... with a sticky flame
             ... on level 2 of the Orcish Mines.
             The game lasted 01:59:10 (24940 turns).

101zpm the Thaumaturge (Djinni Ice Elementalist)   Turns: 24940, Time: 01:59:11

Health: -2/76      AC: 17    Str: 10    XL:     13   Next: 26%
Gold:   1351       EV: 14    Int: 23    God:    the Shining One [***...] SH: 16 Dex: 16

rFire   + . .      SeeInvis .   K - staff of air
rCold   x . .      Faith    .   C - +2 kite shield
rNeg    + + +      Spirit   .   g - +4 ring mail of Ufusybuc {Str+3 Int+3}
rPois   ∞          Reflect  +   (no helmet)
rElec   +          Harm     .   a - +2 cloak of the Unseen Realm {rF- rN+ Will+}
rCorr   .          Rampage  .   t - +2 pair of gloves
Will    ++...                   (boots unavailable)
Stlth   +.........              n - amulet of reflection
HPRegen 0.22/turn               v - +4 ring of evasion
MPRegen 0.00/turn               s - ring of positive energy

@: on fire, marked, freezing walls, flying, glowing
A: sickness immunity, fire resistance 2, cold vulnerability 1, float, innate
caster, HP casting, extra vitality 1
a: Renounce Religion, Divine Shield, Cleansing Flame


You were on level 2 of the Orcish Mines.
You worshipped the Shining One.
The Shining One was most pleased with you.
You visited 3 branches of the dungeon, and saw 14 of its levels.
You also visited: Sewer and Bailey.

You collected 1351 gold pieces.

Inventory:

Hand Weapons
 D - a +2 flail of protection
Missiles
 i - 24 boomerangs
 q - 24 poisoned darts
 B - 3 throwing nets
 N - 3 silver javelins
Armour
 a - the +2 cloak of the Unseen Realm (worn) {rF- rN+ Will+}
   (You found it on level 6 of the Dungeon)

   rF:        It makes you vulnerable to fire.
   rN:        It protects you from negative energy.
   Will:      It increases your willpower.
 g - the +4 ring mail of Ufusybuc (worn) {Str+3 Int+3}
   (You found it on level 2 of the Dungeon)

   Str:       It affects your strength (+3).
   Int:       It affects your intelligence (+3).
 t - a +2 pair of gloves (worn)
 C - a +2 kite shield (worn)
 J - a +0 crystal plate armour
Magical Staves
 K - a staff of air (weapon)
Jewellery
 f - a ring of positive energy
 n - an amulet of reflection (around neck)
 s - a ring of positive energy (right hand)
 v - a +4 ring of evasion (left hand)
 L - a +6 ring of strength
Wands
 F - a wand of polymorph (15)
Scrolls
 e - 7 scrolls of teleportation
 j - 5 scrolls of identify
 k - 4 scrolls of vulnerability
 x - a scroll of immolation
 y - 3 scrolls of blinking
 z - a scroll of fog
 A - a scroll of noise {unknown}
 E - a scroll of amnesia {unknown}
 G - 4 scrolls of enchant weapon
 H - 4 scrolls of enchant armour
 I - 3 scrolls of summoning
 M - a scroll of acquirement {unknown}
Potions
 b - 11 potions of haste {unknown}
 c - 2 potions of attraction {unknown}
 d - 6 potions of invisibility {unknown}
 h - 2 potions of heal wounds {unknown}
 l - a potion of berserk rage
 m - 4 potions of brilliance {unknown}
 o - 5 potions of curing
 p - 2 potions of lignification {unknown}
 r - a potion of magic {unknown}
 u - a potion of cancellation {unknown}
 w - a potion of mutation {unknown}


   Skills:
 + Level 1.1 Fighting
 + Level 0.3 Throwing
 + Level 6.4 Armour
 + Level 4.3 Dodging
 + Level 3.5 Stealth
 + Level 4.3 Shields
 + Level 0.6 Unarmed Combat
 + Level 14.9 Spellcasting
 + Level 0.8 Invocations


You had 11 spell levels left.
You knew the following spells:

 Your Spells              Type           Power      Damage    Failure   Level
a - Freeze                Ice            100%       1d11      1%          1
b - Frozen Ramparts       Ice            100%       1d12      1%          3
c - Ozocubu's Armour      Ice            72%        N/A       1%          3
d - Hailstorm             Conj/Ice       72%        3d15      1%          4
e - Animate Skeleton      Necr           100%       N/A       1%          1
f - Poisonous Vapours     Pois/Air       100%       N/A       1%          2
g - Call Canine Familiar  Summ           72%        N/A       1%          3
h - Ice Form              Ice/Tmut       72%        N/A       1%          4
i - Petrify               Tmut/Erth      72%        N/A       1%          4
j - Freezing Cloud        Conj/Ice/Air   45%        6-21      1%          5
Your spell library was empty.

Dungeon Overview and Level Annotations

Branches:
Dungeon (11/15)            Temple (1/1) D:7            Lair (0/6) D:8
    Orc (2/2) D:10            Elf (0/3) Orc:2         Sewer (visited)
 Bailey (visited)

Altars:
Ashenzari
Cheibriados
Dithmenos
Elyvilon
Fedhas
Gozag
Hepliaklqana
Kikubaaqudgha
Makhleb
Nemelex Xobeh
Okawaru
Qazlal
Ru
Sif Muna
Trog
Uskayaw
Vehumet
Wu Jian
Xom
Yredelemnul
Zin
The Shining One
Beogh

Shops:
D:2 [

Annotations:
D:3 3 runed translucent doors
D:5 2 transporters
D:10 1 runed translucent door, DungeonHerbert's ghost, novice MiFi


Innate Abilities, Weirdness & Mutations

You are immune to sickness and miasma.
You are immune to poison.
Your flesh is very heat resistant. (rF++)
You are vulnerable to cold. (rC-)
You float through the air rather than walking.
You learn spells naturally, not from books.
Your magical power is your life essence.
You have superior vitality. (+4 MHP)


Message History

An orc comes into view. It is wielding a +0 flail.
Aiming: Poisonous Vapours (safe; 1% risk of failure)
Press: ? - help, Q - select action, (/) - cycle Dir - move target, f - orc, p - orc warrior
Aim: an orc, wielding a +0 flail You feel a surge of power!
Poisonous vapours surround the orc!
The orc looks as sick as possible!
* * * LOW HITPOINT WARNING * * *
Your warg bites the orc warrior but does no damage.
What are your orders? t - Shout!
Orders for allies: a - Attack new target. p - Attack previous target. r - Retreat! s - Stop attacking. g - Guard the area. f - Follow me.
Anything else - Cancel.
Gang up on whom?
Press: ? - help, Dir - move target, f - smoke demon, p - orc
Aim: a smoke demon Attack!
You kill the orc!
An orc comes into view. It is wielding a +0 club.
Aiming: Poisonous Vapours (safe; 1% risk of failure)
Press: ? - help, Q - select action, (/) - cycle Dir - move target, f - orc, p - smoke demon
Aim: an orc, wielding a +0 club and wearing a +0 scale mail You feel a surge of power!
Poisonous vapours surround the orc!
The orc is poisoned.
* * * LOW HITPOINT WARNING * * *
The smoke demon gestures at you.
The sticky flame hits you but does no damage.
You are covered in liquid flames!
Your warg barely misses the smoke demon.
An orc priest comes into view. It is wielding a +0 dagger.
Aiming: Poisonous Vapours (safe; 1% risk of failure)
Press: ? - help, Q - select action, (/) - cycle Dir - move target, f - orc priest, p - orc
Aim: an orc priest, wielding a +0 dagger and wearing a +0 leather armour You feel a surge of power!
Poisonous vapours surround the orc priest!
The orc priest looks as sick as possible!
* * * LOW HITPOINT WARNING * * *
You are covered in liquid flames!
You die...

########### #####
.##.#.#.#...#####.#.###
.............#..@)....##
.#...............o.....#
................)).....#
......................##
...#.........3h...#....#
#.........#............#
#...........o)........##
#.........).o.........#
##.#.....)...[.[.....##


You could see a smoke demon (ally target), an orc warrior (petrified, very
poisoned), an orc priest (extremely poisoned), an orc (very poisoned) and a
friendly warg (summoned).

Vanquished Creatures
  A centaur warrior (D:8)
  2 two-headed ogres
  3 orc knights
  A manticore (D:11)
  A cyclops (Orc:2)
  An unseen horror (D:10)
  4 trolls
  2 hornets
  A shadow (D:11)
  10 yaks
  A wyvern (D:8)
  A wraith (D:10)
  A steam dragon (D:8)
  2 water moccasins
  A black bear (D:7)
  A sky beast (D:7)
  20 orc warriors
  2 ogres
  2 wolves (D:8)
  4 centaurs
  A kobold brigand (D:10)
  6 bullfrogs
  7 gnoll sergeants
  3 scorpions
  3 killer bees (D:9)
  3 electric eels (D:8)
  11 hounds
  9 orc priests
  A centaur skeleton (D:7)
  2 jellies
  2 bullfrog skeletons
  2 gnoll shamans (D:5)
  An iguana (D:6)
  14 orc wizards
  32 gnolls
  2 adders (D:2)
  2 ufetubi
  A worm (D:4)
  4 dart slugs
  62 orcs
  9 bats
  4 endoplasms
  2 giant cockroaches
  7 goblins
  5 hobgoblins
  2 jackals (D:5)
  10 kobolds
  6 quokkas
  3 ball pythons (D:1)
  A frilled lizard (D:2)
  5 rats
283 creatures vanquished.

Vanquished Creatures (collateral kills)
  A hydra (D:9)
  4 two-headed ogres
  3 orc knights
  A troll (D:11)
  A vampire (D:10)
  A shadow (D:7)
  6 yaks
  2 vampire mosquitoes (D:10)
  A warg (Orc:2)
  An acid dragon (D:11)
  9 orc warriors
  A hornet zombie (D:7)
  3 ogres
  A necrophage (D:6)
  A gnoll sergeant (D:10)
  A wyvern zombie (D:8)
  A killer bee (D:9)
  A bullfrog zombie (D:5)
  4 centaur zombies
  3 hounds (D:5)
  10 orc priests
  A gnoll shaman (D:5)
  2 jellies
  2 centaur skeletons (D:7)
  An iguana (D:6)
  3 orc wizards
  A killer bee zombie (D:8)
  A hound zombie (D:5)
  10 gnolls
  A shadow imp (D:8)
  19 orcs
  A butterfly (D:7)
98 creatures vanquished.

Vanquished Creatures (others)
  A plant (D:10)
1 creature vanquished.

Grand Total: 382 creatures vanquished

Notes
Turn   | Place    | Note
-------+----------+-------------------------------------------
     0 | D:1      | 101zpm the Djinni Ice Elementalist began the quest for the
                  | Orb.
     0 | D:1      | Reached XP level 1. HP: 15/15 MP: 0/0
   246 | D:1      | Found a faded altar of an unknown god.
   435 | D:1      | Reached XP level 2. HP: 17/21 MP: 0/0
  1238 | D:2      | Reached XP level 3. HP: 21/25 MP: 0/0
  1238 | D:2      | Learned a level 1 spell: Animate Skeleton
  1345 | D:2      | Found Vauppia's Armour Emporium.
  1491 | D:2      | Identified the +4 ring mail of Ufusybuc {Str+3 Int+3}
  1558 | D:2      | Reached skill level 4 in Spellcasting
  1802 | D:2      | Reached XP level 4. HP: 24/31 MP: 0/0
  2251 | D:3      | Found a shadowy altar of Dithmenos.
  2688 | D:3      | Found a basalt altar of Yredelemnul.
  2995 | D:3      | Found a runed translucent gate.
  2995 | D:3      | Found a runed translucent gate.
  2995 | D:3      | Found a runed translucent gate.
  3017 | D:3      | Reached XP level 5. HP: 23/35 MP: 0/0
  3017 | D:3      | Learned a level 2 spell: Poisonous Vapours
  3324 | D:4      | Found a glowing drain.
  3331 | Sewer    | Entered a sewer
  3590 | Sewer    | Noticed a water moccasin
  3596 | Sewer    | Killed a water moccasin
  3597 | Sewer    | Reached skill level 1 in Armour
  3597 | Sewer    | Reached skill level 5 in Spellcasting
  3597 | Sewer    | Reached XP level 6. HP: 31/41 MP: 0/0
  4670 | D:4      | Found a blossoming altar of Fedhas.
  5155 | D:4      | Reached XP level 7. HP: 34/46 MP: 0/0
  5155 | D:4      | Learned a level 3 spell: Call Canine Familiar
  5159 | D:4      | Reached skill level 1 in Shields
  6086 | D:5      | Entered Level 5 of the Dungeon
  6086 | D:5      | Found a transporter.
  6386 | D:5      | Found a shimmering altar of Xom.
  6399 | D:5      | Found a bloodstained altar of Trog.
  6438 | D:5      | Reached skill level 6 in Spellcasting
  6822 | D:5      | Found a broken altar of Ashenzari.
  6861 | D:5      | Reached XP level 8. HP: 4/51 MP: 0/0
  7850 | D:5      | Reached skill level 7 in Spellcasting
  8561 | D:5      | Found a transporter.
  9342 | D:5      | Reached XP level 9. HP: 46/56 MP: 0/0
  9342 | D:5      | Learned a level 4 spell: Ice Form
  9554 | D:5      | Reached skill level 8 in Spellcasting
 10761 | D:6      | Identified the +2 cloak of the Unseen Realm {rF- rN+ Will+}
 11301 | D:7      | Found a white marble altar of Elyvilon.
 11387 | D:7      | Found a staircase to the Ecumenical Temple.
 11619 | D:7      | Reached skill level 9 in Spellcasting
 11821 | D:7      | Found a glowing golden altar of the Shining One.
 12181 | D:7      | Noticed a two-headed ogre
 12190 | D:7      | Killed a two-headed ogre
 12191 | D:7      | Reached skill level 10 in Spellcasting
 12191 | D:7      | Reached XP level 10. HP: 43/61 MP: 0/0
 12853 | D:7      | Found an ornate altar of the Wu Jian Council.
 12988 | D:7      | Became a worshipper of the Shining One
 13033 | Temple   | Entered the Ecumenical Temple
 13955 | D:8      | Reached skill level 5 in Armour
 13978 | D:8      | Reached skill level 11 in Spellcasting
 14350 | D:8      | Found a staircase to the Lair.
 14513 | D:9      | Reached XP level 11. HP: 50/66 MP: 0/0
 14513 | D:9      | Learned a level 4 spell: Petrify
 14595 | D:9      | Found a burning altar of Makhleb.
 14595 | D:9      | Found an iron altar of Okawaru.
 14695 | D:9      | Found a flagged portal.
 14734 | Bailey   | Entered a bailey
 15305 | Bailey   | Noticed an orc knight
 15305 | Bailey   | Noticed an orc knight
 15333 | Bailey   | Killed an orc knight
 15334 | Bailey   | HP: 3/66 [orc knight/+0 trident (32)]
 15339 | Bailey   | Killed an orc knight
 15340 | Bailey   | Reached skill level 12 in Spellcasting
 15732 | Bailey   | Noticed an orc knight
 15732 | Bailey   | Reached * piety under the Shining One
 15751 | Bailey   | Killed an orc knight
 15827 | Bailey   | Noticed an orc knight
 15838 | Bailey   | Killed an orc knight
 16314 | D:9      | Noticed a two-headed ogre
 16323 | D:9      | Killed a two-headed ogre
 16530 | D:9      | Noticed a seven-headed hydra
 16530 | D:9      | Noticed a two-headed ogre
 16538 | D:9      | Killed a two-headed ogre
 16539 | D:9      | Reached skill level 1 in Fighting
 17086 | D:8      | Noticed a centaur warrior
 17095 | D:8      | Killed a centaur warrior
 17426 | D:9      | Reached XP level 12. HP: 64/72 MP: 0/0
 17614 | D:9      | Killed an eight-headed hydra
 17615 | D:9      | Reached skill level 13 in Spellcasting
 18080 | D:10     | Entered Level 10 of the Dungeon
 19065 | D:10     | Noticed DungeonHerbert's ghost (novice MiFi)
 19073 | D:10     | Found a runed translucent door.
 19466 | D:10     | Reached ** piety under the Shining One
 19470 | D:10     | Noticed a two-headed ogre
 19481 | D:10     | Killed a two-headed ogre
 19727 | D:10     | Found a staircase to the Orcish Mines.
 20485 | D:11     | Reached skill level 14 in Spellcasting
 20714 | D:11     | Noticed a two-headed ogre
 20724 | D:11     | Killed a two-headed ogre
 20930 | D:11     | Noticed a two-headed ogre
 20939 | D:11     | Killed a two-headed ogre
 21204 | Orc:1    | Entered Level 1 of the Orcish Mines
 22542 | Orc:2    | Entered Level 2 of the Orcish Mines
 22767 | Orc:2    | Reached XP level 13. HP: 65/76 MP: 0/0
 22767 | Orc:2    | Learned a level 5 spell: Freezing Cloud
 23264 | Orc:2    | Found a staircase to the Elven Halls.
 24189 | Orc:2    | Reached *** piety under the Shining One
 24940 | Orc:2    | Incinerated by a smoke demon

Illustrated notes

Levels and vault maps discovered:
D:1:      saegor_arrival_miasma, layout_basic, ebering_ecumenical_altar_mist
D:2:      layout_basic, serial_shops, shop
D:3:      layout_basic, grunt_dithmenos_smoke_and_mirrors,
          mainiacjoe_overflow_alcove_1, gammafunk_ghost_icy
D:4:      layout_loops_ring, fedhas_altar_2, nicolae_vehumet_radiance,
          gup_sewer_entry_bubbles, st_stairs_10
D:5:      gammafunk_wand_slinger, layout_cave_pools,
          mainiacjoe_overflow_brackets, lemuel_crystal_altar,
          nicolae_kikubaaqudgha_miasma_corner,
          mainiacjoe_overflow_cross_hatched, serial_gnoll_camp,
          gnoll_camp_mini_house, gnoll_camp_mini_sergeant,
          gnoll_camp_mini_basic, gnoll_camp_medium_02, gnoll_camp_mini_house,
          gnoll_camp_mini_hut, minmay_between
D:6:      layout_basic
D:7:      cheibrodos_barr_body, layout_basic, lemuel_coloured_pillars_altar,
          mainiacjoe_overflow_six_doors_small,
          mainiacjoe_overflow_surrounded_room, minmay_temple_entry_butterflies
D:8:      layout_layer_cave, erik_lair_island, minmay_small_thing
D:9:      layout_irregular_city, jmf_multi_god_temple, enter_bailey_8,
          kennysheep_generic_room_14
D:10:     layout_cave_pools, david_orc_3, hellmonk_ghost_big_iron
D:11:     layout_basic
Temple:   compressed_dpeg_triangle_lava_temple
Orc:1:    layout_caves
Orc:2:    pf_orc_diabolical, layout_caves, mines2_david

Skill      XL: |  1  2  3  4  5  6  7  8  9 10 11 12 |
---------------+-------------------------------------+-----
Spellcasting   | 4 5 6 7 10 11 12 14 | 14.9
Stealth        | 2 3 |  3.5
Armour         | 1 2 3 4 5 6 |  6.4
Shields        | 1 2 3 4 |  4.3
Dodging        | 3 4 |  4.3
Fighting       | 1 |  1.1
Throwing       | |  0.3
Unarmed Combat | |  0.6
Invocations    | |  0.8

Action                   |  1- 3 |  4- 6 |  7- 9 | 10-12 | 13-15 || total
-------------------------+-------+-------+-------+-------+-------++-------
Melee: Unarmed           |    18 |       |       |    11 |       ||    29
       Staff             |       |       |       |     3 |       ||     3
Throw: Boomerang         |       |     6 |       |       |       ||     6
 Cast: Freeze            |    40 |    28 |    40 |    67 |    17 ||   192
       Frozen Ramparts   |       |    10 |    29 |    41 |     9 ||    89
       Animate Skeleton  |       |     1 |     3 |     2 |       ||     6
       Poisonous Vapours |       |    64 |   142 |   237 |    76 ||   519
       Ozocubu's Armour  |       |     1 |     4 |     8 |       ||    13
       Call Canine Famil |       |       |    24 |    53 |    15 ||    92
       Hailstorm         |       |       |       |     2 |       ||     2
       Ice Form          |       |       |       |     2 |       ||     2
       Petrify           |       |       |       |    15 |    25 ||    40
Invok: Divine Shield     |       |       |       |     2 |       ||     2
  Use: Scroll            |       |       |     2 |     7 |       ||     9
Armor: Robe              |    10 |       |       |       |       ||    10
       Ring mail         |     2 |    17 |    28 |    43 |     9 ||    99
       Skin              |       |       |       |     1 |       ||     1
Dodge: Dodged            |    29 |    26 |    25 |    65 |    17 ||   162
Block: Other             |       |     2 |     3 |       |       ||     5
       Reflection        |       |       |     2 |     7 |     3 ||    12
       Buckler           |       |       |    18 |       |       ||    18
       Kite shield       |       |       |    14 |   135 |    36 ||   185
